 Dungeon Crawl Stone Soup version 0.28-a0-1143-gcf6077d4cc (webtiles) character file.

Game seed: 10880414450029420326

174 leviel the Skirmisher (level 5, -2/47 HPs)
             Began as a Hill Orc Fighter on Dec 13, 2021.
             Killed from afar by spiderkeys's ghost (6 damage)
             ... with a magic dart
             ... on level 3 of the Dungeon.
             The game lasted 00:02:55 (2996 turns).

leviel the Skirmisher (Hill Orc Fighter)            Turns: 2996, Time: 00:02:56

Health: -2/47      AC:  7    Str: 21    XL:     5   Next: 54%
Magic:  5/5        EV:  9    Int:  8    God:
Gold:   126        SH:  4    Dex: 10    Spells: 4/4 levels left

rFire   . . .      SeeInvis .   a - +0 war axe
rCold   . . .      Faith    .   c - +0 buckler
rNeg    . . .      Spirit   .   b - +0 scale mail
rPois   +          Reflect  .   (no helmet)
rElec   .          Harm     .   (no cloak)
rCorr   .          Rampage  .   (no gloves)
Will    .....                   (no boots)
Stlth   ..........              (no amulet)
HPRegen 0.15/turn               n - ring of poison resistance
MPRegen 0.09/turn               (no ring)

@: mighty
A: no striking features
a: no special abilities


You were on level 3 of the Dungeon.
You visited 1 branch of the dungeon, and saw 3 of its levels.

You collected 126 gold pieces.

Inventory:

Hand Weapons
 a - a +0 war axe (weapon)
Armour
 b - a +0 scale mail (worn)
 c - a +0 buckler (worn)
Jewellery
 n - a ring of poison resistance (left hand)
Scrolls
 e - a scroll of blinking {unknown}
 f - a scroll of identify {unknown}
 g - a scroll of magic mapping {unknown}
 k - a scroll of teleportation {unknown}
Potions
 d - a potion of might
 h - a potion of flight {unknown}
 i - a potion of heal wounds {unknown}
 j - a potion of mutation {unknown}
 l - 2 potions of brilliance {unknown}
 m - a potion of cancellation {unknown}


   Skills:
 + Level 4.8 Fighting
 * Level 4.6 Axes
 + Level 4.4 Armour
 - Level 4.0 Shields


You had 4 spell levels left.
You didn't know any spells.
Your spell library contained the following spells:

 Spells                   Type           Power      Damage    Failure   Level
 Sting                    Tmut/Pois      0%         1d3       75%         1
 Blink                    Tloc           0%         N/A       86%         2
 Lesser Beckoning         Tloc           0%         N/A       98%         3
 Manifold Assault         Tloc           0%         N/A       100%        5


Dungeon Overview and Level Annotations

Branches:
Dungeon (3/15)

Altars:

Annotations:
D:2 1 runed translucent door, Crazy Yiuf
D:3 sauken's ghost, weakling DsCA; spiderkeys's ghost, amateur DEAK


Message History

You see here a +0 whip.
There is a stone staircase leading up here.
There is a stone staircase leading down here.
A ball python comes into view.
The ball python hisses angrily.
A ball python is nearby!
A ball python is nearby!
The ball python bites you but does no damage.
The ball python grabs you. The ball python constricts you.
You hit the ball python.
You kill the ball python!
No target in view!
No target in view!
No target in view!
No target in view!
No target in view!
No target in view!
No target in view!
No target in view!
No target in view!
No target in view!
No target in view!
There is a stone staircase leading down here.
There is a stone staircase leading up here.
Found a cyan potion.
You feel very mighty all of a sudden.
You open the gate. You slash sauken's ghost!
Sauken's ghost is moderately damaged.
Sauken's ghost says, "I burned twice as bright, and look where it got me..."
Sauken's ghost hits you! Sauken's ghost burns you. Spiderkeys's ghost hits you.
Space warps around you.
You closely miss spiderkeys's ghost. You block spiderkeys's ghost's attack.
You slash spiderkeys's ghost!
Spiderkeys's ghost is moderately damaged.
Spiderkeys's ghost hits you. Space warps horribly around you!!
* * * LOW HITPOINT WARNING * * *
Spiderkeys's ghost gestures at you while chanting.
The magic dart hits you.
You die...

######.##.# #.#
.......##.# #.#
..#######.# #.# #.# # ####
#.# #†# ##[♣⌠♣#### #.# #.#
#8....#..# #.# #.#
......#..### #.#########
#.#
♣.....'....#####.........#
#.#
⌠.....'...WW@......#####.#
#(# ♣.....'..#########.#
#.# #.# !.....#..# #.# #.#
#.# #8....#..# #.# #.#
#.####.♣⌠♣#### #.# #.#
.#.# #### #.# #.#
#.######## #######.### #.#
##.......#######.........#
#.#
#.#####.................#
#.#


You could see sauken's ghost and spiderkeys's ghost.

Vanquished Creatures
  Jessica (D:3)
  4 adders
  5 gnolls
  3 dart slugs
  3 orcs (D:3)
  5 ball pythons
  7 endoplasms
  5 giant cockroaches
  2 goblins (D:1)
  3 hobgoblins
  4 jackals (D:1)
  4 kobolds
  A quokka (D:2)
  5 bats
  2 frilled lizards (D:2)
  3 rats
57 creatures vanquished.

Vanquished Creatures (others)
  A fungus (D:1)
1 creature vanquished.

Grand Total: 58 creatures vanquished

Notes
Turn   | Place    | Note
-------+----------+-------------------------------------------
     0 | D:1      | leviel the Hill Orc Fighter began the quest for the Orb.
     0 | D:1      | Reached XP level 1. HP: 19/19 MP: 1/1
    96 | D:1      | Reached XP level 2. HP: 25/27 MP: 2/2
   231 | D:1      | Reached XP level 3. HP: 29/33 MP: 3/3
   613 | D:1      | Found a faded altar of an unknown god.
   617 | D:1      | Got Plato's Disquisition on Transformation
  1193 | D:2      | Reached XP level 4. HP: 38/40 MP: 4/4
  1598 | D:2      | Found a runed translucent door.
  1599 | D:2      | Noticed Crazy Yiuf
  1901 | D:3      | Reached XP level 5. HP: 4/47 MP: 5/5
  2590 | D:3      | Noticed Jessica
  2598 | D:3      | Killed Jessica
  2801 | D:3      | Found a runed translucent gate.
  2801 | D:3      | Found a runed translucent gate.
  2801 | D:3      | Found a runed translucent gate.
  2806 | D:3      | Noticed spiderkeys's ghost (amateur DEAK)
  2806 | D:3      | Noticed sauken's ghost (weakling DsCA)
  2996 | D:3      | Killed from afar by spiderkeys's ghost

Illustrated notes

Levels and vault maps discovered:
D:1:      dpeg_arrival_shelter, layout_basic,
          shapermc_ecumenical_altar_rom_forum, minmay_tree_intersection
D:2:      layout_basic, uniq_crazy_yiuf_cottage
D:3:      layout_loops_ring, gammafunk_ghost_cemetery, uniq_jessica

Skill      XL: |  1  2  3  4 |
---------------+-------------+-----
Axes           | 3 4 |  4.6
Fighting       | 4 |  4.8
Shields        | 4 |  4.0
Armour         | 4 |  4.4

Action                   |  1- 3 |  4- 6 || total
-------------------------+-------+-------++-------
Melee: War axe           |    79 |   113 ||   192
  Use: Potion            |       |     1 ||     1
Armor: Scale mail        |    34 |    63 ||    97
Dodge: Dodged            |    28 |    85 ||   113
Block: Buckler           |    15 |    29 ||    44

Table legend: (Time is in decaauts)
 A = Elapsed time spent in this place.
 B = Non-inter-level travel time spent in this place.
 C = Inter-level travel time spent in this place.
 D = Time resting spent in this place.
 E = Time spent auto-exploring this place.
 F = Levels seen in this place.
 G = Mean time per level.
                   A        B        C        D        E       F      G
               +--------+--------+--------+--------+--------+-----+--------+
         Total |   3059 |   2941 |    118 |    277 |   2186 |   3 | 1019.7 |
       Dungeon |   3059 |   2941 |    118 |    277 |   2186 |   3 | 1019.7 |
               +--------+--------+--------+--------+--------+-----+--------+

Top non-repeatable levels by time:
     D:2: 1334 daAuts
     D:3: 951 daAuts
     D:1: 773 daAuts
